 Dungeon Crawl Stone Soup version 0.27-a0-1147-gb3d8e82157 (webtiles) character file.

Game seed: 10328416968502483174

17 neco the Firebug (level 2, -5/17 HPs)
             Began as an Octopode Fire Elementalist on May 11, 2021.
             Slain by a goblin
             ... wielding a +0 mace of protection
              (8 damage)
             ... on level 2 of the Dungeon.
             The game lasted 00:12:50 (873 turns).

neco the Firebug (Octopode Fire Elementalist)        Turns: 873, Time: 00:12:51

Health: -5/17      AC:  1    Str:  7    XL:     2   Next: 62%
Magic:  2/5        EV: 13    Int: 17    God:
Gold:   0          SH:  0    Dex: 12    Spells: 4/5 levels left

rFire    . . .     SeeInvis .   c - +0 spear
rCold    . . .     Faith    .   (no shield)
rNeg     . . .     Spirit   .   (helmet restricted)
rPois    .         Reflect  .   (no amulet)
rElec    .         Harm     .   (no ring)
rCorr    .         Rampage  .   (no ring)
Will     .....                  (no ring)
Stlth    +++.......             (no ring)
HPRegen  0.05/turn              (no ring)
MPRegen  0.09/turn              (no ring)
                                (no ring)
                                (no ring)

@: no status effects
A: almost no armour, amphibious, 8 rings, camouflage 1, gelatinous body 1,
(nimble swimmer 1), tentacles
a: no special abilities


You were on level 2 of the Dungeon.
You visited 1 branch of the dungeon, and saw 2 of its levels.

Inventory:

Hand Weapons
 a - a +0 dagger
 c - a +0 spear (weapon)
 d - a +0 dagger
 i - a +0 whip
Missiles
 f - 43 stones
 g - 24 arrows
 h - 12 poisoned darts
 k - 9 bolts
Scrolls
 j - a scroll of identify {unknown}
Potions
 b - a potion of curing {unknown}
 e - a potion of degeneration {unknown}


   Skills:
 + Level 0.2 Polearms
 + Level 2.1 Dodging
 + Level 3.0 Stealth
 + Level 2.1 Spellcasting
 + Level 1.1 Conjurations
 + Level 3.4 Fire Magic


You had 4 spell levels left.
You knew the following spells:

 Your Spells              Type           Power      Damage    Failure   Level
a - Foxfire               Conj/Fire      36%        2x1d5     8%          1

Your spell library contained the following spells:

 Spells                   Type           Power      Damage    Failure   Level
 Conjure Flame            Conj/Fire      9%         6-21      22%         3
 Inner Flame              Hex/Fire       7%         N/A       28%         3
 Sticky Flame             Conj/Fire      9%         2d3       58%         4
 Fireball                 Conj/Fire      4%         3d4       91%         5


Dungeon Overview and Level Annotations

Branches:
Dungeon (2/15)

Altars:
Sif Muna


Innate Abilities, Weirdness & Mutations

You cannot wear most types of armour.
You are amphibious.
You can wear up to eight rings at the same time.
Your skin changes colour to match your surroundings (Stealth+).
Your rubbery body absorbs attacks. (AC +1, EV +1)
((You are camouflaged near water. (Stealth+)))
You have tentacles for arms and can constrict up to eight enemies at once.


Message History

The bat barely misses you. The bat barely misses you.
The bat barely misses you. x2
The bat hits you but does no damage.
Casting: Foxfire (safe; 8% risk of failure)
Confirm with . or Enter, or press ? or * to list all spells.
You conjure some foxfire!
The foxfire hits the bat.
You kill the bat!
Your foxfire dissipates!
A goblin comes into view. It is wielding a +0 mace of protection.
You closely miss the goblin.
The goblin shouts!
You grab the goblin.
You constrict the goblin, but do no damage.
The goblin hits you with a +0 mace of protection.
You release your grip on the goblin.
Casting: Foxfire (safe; 8% risk of failure)
Confirm with . or Enter, or press ? or * to list all spells.
You conjure some foxfire!
The goblin hits you with a +0 mace of protection!
* * * LOW HITPOINT WARNING * * *
Your foxfire dissipates!
You are too injured to fight recklessly!
Casting: Foxfire (safe; 8% risk of failure)
Confirm with . or Enter, or press ? or * to list all spells.
You conjure some foxfire!
The goblin closely misses you.
Your foxfire dissipates!
Found a mace.
Casting: Foxfire (safe; 8% risk of failure)
Confirm with . or Enter, or press ? or * to list all spells.
You conjure some foxfire!
The goblin completely misses you.
Your foxfire dissipates!
The foxfire hits the goblin.
The goblin is severely wounded.
Found a dagger.
Casting: Foxfire (safe; 8% risk of failure)
Confirm with . or Enter, or press ? or * to list all spells.
You conjure some foxfire!
The goblin hits you with a +0 mace of protection!
You die...

## ##)## #)..##
#....# #....#
#########v...####
#.......@v.......
#.#######g#.####
#.# #.#
#########.#######.#
..................#
#########.#########
#.# #.# #.#


You could see a goblin (ally target).

Vanquished Creatures
  A worm (D:2)
  An endoplasm (D:2)
  A giant cockroach (D:2)
  2 goblins (D:2)
  2 jackals (D:2)
  3 kobolds (D:2)
  A bat (D:2)
  2 rats (D:2)
13 creatures vanquished.

Vanquished Creatures (others)
  15 foxfires (D:2)
15 creatures vanquished.

Grand Total: 28 creatures vanquished

Notes
Turn   | Place    | Note
-------+----------+-------------------------------------------
     0 | D:1      | neco the Octopode Fire Elementalist began the quest for the
                  | Orb.
     0 | D:1      | Reached XP level 1. HP: 11/11 MP: 3/3
   218 | D:2      | Reached XP level 2. HP: 16/17 MP: 5/5
   293 | D:2      | Found a shimmering blue altar of Sif Muna.
   873 | D:2      | Slain by a goblin

Illustrated notes

Levels and vault maps discovered:
D:1:      lemuel_arrival_hallway, layout_loops_corners, feat_on_display
D:2:      layout_basic, basic_altar, uniq_crazy_yiuf_cottage

Skill      XL: |  1  2 |
---------------+-------+-----
Stealth        | 3 |  3.0
Polearms       | |  0.2
Dodging        | |  2.1
Spellcasting   | |  2.1
Conjurations   | |  1.1
Fire Magic     | |  3.4

Action                   || total
-------------------------++-------
Melee: Unarmed           ||     4
       Constrict         ||     9
       Spear             ||    24
       Tentacles         ||     3
 Cast: Foxfire           ||    14
 Stab: Sleeping          ||     4
Armor: Skin              ||     2
Dodge: Dodged            ||    34

Table legend: (Time is in decaauts)
 A = Elapsed time spent in this place.
 B = Non-inter-level travel time spent in this place.
 C = Inter-level travel time spent in this place.
 D = Time resting spent in this place.
 E = Time spent auto-exploring this place.
 F = Levels seen in this place.
 G = Mean time per level.
                   A        B        C        D        E       F      G
               +--------+--------+--------+--------+--------+-----+--------+
         Total |    874 |    874 |      0 |      0 |      0 |   2 |  437.0 |
       Dungeon |    874 |    874 |      0 |      0 |      0 |   2 |  437.0 |
               +--------+--------+--------+--------+--------+-----+--------+

Top non-repeatable levels by time:
     D:2: 858 daAuts
     D:1: 16 daAuts
